 Dungeon Crawl Stone Soup version 0.17.0-24-gcfadda4 (webtiles) character file.

135 Leibowitz the Cutter (level 5, -4/29 HPs)
             Began as a Kobold Berserker on Nov 15, 2015.
             Was a Priest of Trog.
             Slain by a river rat (6 damage)
             ... in a sewer.
             The game lasted 00:07:19 (2485 turns).

Leibowitz the Cutter (Kobold Berserker)             Turns: 2485, Time: 00:07:19

Health: -4/29      AC:  5    Str: 16    XL:     5   Next: 42%
Magic:  5/5        EV: 17    Int:  5    God:    Trog [***...]
Gold:   94         SH:  0    Dex: 18    Spells: 0 memorised, 4 levels left

rFire  . . .     SeeInvis .     a - +0 short sword
rCold  + . .     Clarity  .     b - +0 animal skin
rNeg   . . .     SustAt   .     (shield restricted)
rPois  .         Gourm    .     n - +2 helmet
rElec  .         Spirit   .     (no cloak)
rCorr  .         Warding  .     (no gloves)
rMut   .         Stasis   .     (no boots)
MR     .....                    (no amulet)
Stlth  +++.......               (no ring)
                                (no ring)

@: drained, not resistant to hostile enchantments, fairly stealthy
A: agile 1, carnivore 3, cold resistance 1, frail 1
a: Berserk, Trog's Hand, Burn Spellbooks, Renounce Religion


You were in a sewer.
You worshipped Trog.
Trog was most pleased with you.
You were completely stuffed.

You visited 1 branch of the dungeon, and saw 3 of its levels.
You also visited: Sewer.

You collected 94 gold pieces.

Inventory:

Hand Weapons
 a - a +0 short sword (weapon)
Missiles
 f - a throwing net (quivered)
Armour
 b - a +0 animal skin (worn)
 n - a +2 helmet (worn)
Scrolls
 e - 4 scrolls of identify {unknown}
 h - 2 scrolls of enchant weapon {unknown}
 j - a scroll of recharging {unknown}
 k - a scroll of amnesia {unknown}
Potions
 d - 2 potions of heal wounds
 g - a potion of invisibility
 i - a potion of curing
 m - a potion of mutation
Comestibles
 c - a meat ration
 l - a chunk of flesh


   Skills:
 + Level 4.0 Fighting
 + Level 4.5(4.4) Short Blades
 + Level 1.8 Armour
 + Level 3.9 Dodging
 * Level 3.8(3.7) Stealth


You had 4 spell levels left.
You didn't know any spells.

Dungeon Overview and Level Annotations

Branches:
Dungeon (3/15)

Altars:
Cheibriados
Makhleb
Sif Muna
Trog

Annotations:
Sewer wojtek's ghost, amateur GrFi


Innate Abilities, Weirdness & Mutations

You are small and have problems with some larger weapons.
You are carnivorous and can eat meat at any time.
You are agile. (Dex +2)
Your flesh is cold resistant.
You are frail (-10% HP).


Message History

You hit the river rat but do no damage. The river rat bites you!
You barely miss the river rat.
The river rat bites you but does no damage.
You barely miss the river rat. The river rat barely misses you.
You hit the river rat.
The river rat is heavily wounded.
The river rat completely misses you. The river rat bites you!
You closely miss the river rat.
The river rat is heavily wounded.
The river rat barely misses you.
You hit the river rat.
The river rat is severely wounded.
The river rat barely misses you. The rat closely misses you.
The river rat misses you.
You barely miss the river rat.
The river rat is severely wounded.
The river rat bites you!
* * * LOW HITPOINT WARNING * * *
The rat closely misses you. The river rat bites you.
You die...

##.....≈≈≈≈.
##........≈≈≈
##.........≈≈≈
#..#......≈≈≈≈
#.###......≈≈≈
#∩###.....≈≈≈
####......≈≈≈
##.....≈≈≈≈
#.@.....≈≈≈
#rrr....≈≈≈
#......≈≈≈≈≈
#......≈≈≈≈≈
#......≈≈≈≈≈
##.....≈≈≈≈
##....≈≈≈≈
#....≈≈≈≈


You could see 2 river rats and a rat.

Vanquished Creatures
  Natasha (D:3)
  Robin (D:2)
  2 river rats (Sewer)
  An ooze (D:1)
  2 worms (D:2)
  4 giant geckos
  8 bats
  13 giant cockroaches
  11 goblins
  4 hobgoblins
  4 kobolds
  A quokka (D:2)
  2 giant newts
  20 rats
74 creatures vanquished.

Notes
Turn   | Place    | Note
--------------------------------------------------------------
     0 | D:1      | Leibowitz the Kobold Berserker began the quest for the Orb.
     0 | D:1      | Reached XP level 1. HP: 14/14 MP: 1/1
   172 | D:1      | Reached XP level 2. HP: 16/19 MP: 2/2
   581 | D:1      | Reached skill level 1 in Stealth
   581 | D:1      | Reached XP level 3. HP: 21/24 MP: 3/3
   669 | D:1      | Reached ** piety under Trog
  1190 | D:2      | Found a deep blue altar of Sif Muna.
  1679 | D:2      | Noticed Robin
  1682 | D:2      | Reached XP level 4. HP: 29/29 MP: 4/4
  1702 | D:2      | HP: 1/29 [goblin/dagger[Robin] (4)]
  1719 | D:2      | Killed Robin
  1950 | D:2      | Found a snail-covered altar of Cheibriados.
  1950 | D:2      | Found a bloodstained altar of Trog.
  1953 | D:2      | Found a burning altar of Makhleb.
  2255 | D:3      | Noticed Natasha
  2261 | D:3      | Killed Natasha
  2261 | D:3      | Reached XP level 5. HP: 33/33 MP: 5/5
  2310 | D:3      | Found a glowing drain.
  2314 | D:3      | Reached *** piety under Trog
  2343 | Sewer    | Entered a sewer
  2356 | Sewer    | Noticed wojtek's ghost (amateur GrFi)
  2448 | Sewer    | Gained mutation: You are agile. (Dex +2) [potion of mutation]
  2448 | Sewer    | Gained mutation: You are frail (-10% HP). [potion of mutation]
  2448 | Sewer    | Gained mutation: Your flesh is cold resistant. [potion of mutation]
  2485 | Sewer    | Slain by a river rat

Action                   |  1- 3 |  4- 6 || total
-------------------------+-------+-------++-------
Melee: Short sword       |   134 |   117 ||   251
Invok: Berserk           |     1 |     1 ||     2
       Trog's Hand       |       |     1 ||     1
  Use: Potion            |       |     4 ||     4
 Stab: Sleeping          |    10 |     7 ||    17
       Distracted        |       |     1 ||     1
       Invisible         |       |     1 ||     1
  Eat: Chunk             |    12 |     4 ||    16
